 Dungeon Crawl Stone Soup version 0.20.1-1-g8b1a95d (webtiles) character file.

55 lysyklops the Stinger (level 3, 0/19 HPs)
             Began as a Deep Elf Venom Mage on Nov 17, 2017.
             Succumbed to an adder's poison
             ... on level 2 of the Dungeon.
             The game lasted 00:06:56 (1838 turns).

lysyklops the Stinger (Deep Elf Venom Mage)         Turns: 1838, Time: 00:06:57

Health: 0/19       AC:  2    Str:  5    XL:     3   Next: 67%
Magic:  4/10       EV: 13    Int: 20    God:
Gold:   69         SH:  0    Dex: 15    Spells: 4/10 levels left

rFire    . . .     SeeInvis .   h - +0 dagger
rCold    . . .     Gourm    .   (no shield)
rNeg     . . .     Faith    .   a - +0 robe
rPois    .         Spirit   .   (no helmet)
rElec    .         Reflect  .   (no cloak)
rCorr    .         Harm     .   (no gloves)
MR       .....                  (no boots)
Stlth    ++........             (no amulet)
Regen    0.1/turn               (no ring)
MPRegen  0.2/turn               (no ring)

@: lethally poisoned (0 -> -6), very slightly contaminated
A: no striking features
a: no special abilities


You were on level 2 of the Dungeon.
You were not hungry.

You visited 1 branch of the dungeon, and saw 2 of its levels.

You collected 69 gold pieces.

Inventory:

Hand Weapons
 f - a +0 club
 h - a +0 dagger (weapon)
Armour
 a - a +0 robe (worn)
 i - a +0 robe
Jewellery
 l - an uncursed ring of resist corrosion {unknown}
Scrolls
 d - 3 scrolls of teleportation {unknown}
 e - 2 scrolls of enchant weapon {unknown}
 j - a scroll of remove curse {unknown}
 k - a scroll of identify {unknown}
Books
 b - a Young Poisoner's Handbook

   Spells                             Type                      Level
   a - Sting                          Conjuration/Poison           1
   b - Poisonous Vapours              Poison/Air                   2
   c - Mephitic Cloud                 Conjuration/Poison/Air       3
   d - Olgreb's Toxic Radiance        Poison                       4
   e - Venom Bolt                     Conjuration/Poison           5
Comestibles
 c - 2 bread rations
 g - a chunk of flesh


   Skills:
 + Level 0.1 Fighting
 + Level 2.6 Dodging
 + Level 2.4 Stealth
 + Level 4.0 Spellcasting
 + Level 1.7 Conjurations
 + Level 4.2 Poison Magic


You had 4 spell levels left.
You knew the following spells:

 Your Spells              Type           Power        Failure   Level  Hunger
a - Sting                 Conj/Pois      ###.         3%          1    None
b - Poisonous Vapours     Pois/Air       ##....       9%          2    #......
c - Mephitic Cloud        Conj/Pois/Air  ##......     17%         3    ###....


Dungeon Overview and Level Annotations

Branches:
Dungeon (2/15)

Altars:


Message History

The adder is severely wounded.
You feel sick. The adder bites you.
* * * LOW HITPOINT WARNING * * *
The adder closely misses you.
* * * LOW HITPOINT WARNING * * *
You feel sick.
You see here a rat skeleton.
* * * LOW HITPOINT WARNING * * *
You feel sick. The adder bites you.
* * * LOW HITPOINT WARNING * * *
Casting: Sting
Confirm with . or Enter, or press ? or * to list all spells.
Aiming: Sting
Press: ? - help, Shift-Dir - straight line, f/p - adder
Aim: an adder (almost dead, poisoned)
You miscast Sting.
You are very lightly contaminated with residual magic.
You feel odd.
You die...

#.. #.# #.# #.# #.# # #.#
######.#
.......############
###.............@.#
.......##########S#
###.##...# #รท# #.####.#
#g# ###.# #.# #g#
....####.########g########
.####............).......#
.# #.###########...####.#
.# #.# ###.## .###


You could see an adder and 3 goblins.

Vanquished Creatures
  An adder (D:2)
  A worm (D:2)
  A dart slug (D:1)
  2 leopard geckos (D:1)
  A ball python (D:1)
  7 goblins
  3 hobgoblins (D:1)
  3 jackals (D:1)
  A quokka (D:2)
  5 bats (D:1)
  3 frilled lizards (D:1)
  5 kobolds
  7 rats
40 creatures vanquished.

Notes
Turn   | Place    | Note
-------+----------+-------------------------------------------
     0 | D:1      | lysyklops the Deep Elf Venom Mage began the quest for the Orb.
     0 | D:1      | Reached XP level 1. HP: 10/10 MP: 6/6
   330 | D:1      | Reached XP level 2. HP: 15/15 MP: 0/8
   993 | D:1      | Reached XP level 3. HP: 19/19 MP: 8/10
  1707 | D:2      | Learned a level 2 spell: Poisonous Vapours
  1711 | D:2      | Learned a level 3 spell: Mephitic Cloud
  1838 | D:2      | Succumbed to an adder's poison

Skill      XL: |  1  2  3 |
---------------+----------+-----
Poison Magic   | 4 |  4.2
Spellcasting   | 4 |  4.0
Fighting       | |  0.1
Dodging        | |  2.6
Stealth        | |  2.4
Conjurations   | |  1.7

Action                   || total
-------------------------++-------
Melee: Unarmed           ||     1
       Dagger            ||    13
 Cast: Sting             ||    79
       Poisonous Vapours ||     1
  Eat: Meat ration       ||     1
Armor: Robe              ||     6
Dodge: Dodged            ||    20
